 Dungeon Crawl Stone Soup version 0.26.0-15-gc6cd9f7 (webtiles) character file.

Game seed: 9518682027337434512

11464 skewfiend the Archer (level 11, -2/66 HPs)
             Began as a Deep Elf Arcane Marksman on Jan 23, 2021.
             Was a High Priest of Okawaru.
             Hit by a silver javelin thrown by a minotaur (3 damage)
             ... in a Gauntlet on Jan 24, 2021.
             The game lasted 01:50:40 (20691 turns).

skewfiend the Archer (Deep Elf Arcane Marksman)    Turns: 20691, Time: 01:50:41

Health: -2/66      AC: 15    Str:  6 (7)  XL:     11   Next: 49%
Magic:  24/27      EV: 13    Int: 25 (28) God:    Okawaru [*****.]
Gold:   662        SH:  0    Dex: 14 (15) Spells: 2/31 levels left

rFire    + . .     SeeInvis +   a - +0 shortbow
rCold    + . .     Faith    .   (shield currently unavailable)
rNeg     . . .     Spirit   .   y - +1 robe {rC+ rF+}
rPois    .         Reflect  .   k - +2 helmet "Nobbyul" {SInv}
rElec    .         Harm     .   x - +0 cloak
rCorr    .         Rampage  .   u - +2 pair of gloves {archery}
Will     +....     NoTele   +   W - +0 pair of boots
Stlth    +.........             s - amulet of magic regeneration
HPRegen  0.21/turn              Z - +4 ring of protection
MPRegen  0.45/turn              p - ring of Jibyan {+Blink +Inv rC- Int+6 SInv}

@: very slightly contaminated, invisible
A: cold resistance 1, mutation resistance 1
a: Renounce Religion, Evoke Blink, Evoke Invisibility, Heroism, Finesse


You were in a Gauntlet.
You worshipped Okawaru.
Okawaru was extremely pleased with you.
You visited 3 branches of the dungeon, and saw 13 of its levels.
You also visited: Gauntlet.

You collected 797 gold pieces.
You spent 135 gold pieces at shops.

Inventory:

Hand Weapons
 a - a +0 shortbow (weapon)
 b - a +2 spear of venom
 c - a +0 trident of venom
 M - a +4 scimitar of freezing
Missiles
 d - 282 arrows (quivered ammo)
 f - 32 boomerangs
 g - 2 throwing nets
 o - 62 poisoned darts
 S - 12 javelins
Armour
 k - the +2 helmet "Nobbyul" (worn) {SInv}
   (You found it in a Gauntlet)

   It lets you see invisible.
 u - a +2 pair of gloves of archery (worn)
 x - a +0 cloak (worn)
 y - a +1 robe of resistance (worn)
 W - a +0 pair of boots (worn)
Jewellery
 p - the ring of Jibyan (right hand) {+Blink +Inv rC- Int+6 SInv}
   (You found it in a Gauntlet)

   [ring of intelligence]

   It affects your intelligence (+6).
   It makes you vulnerable to cold.
   It lets you see invisible.
   It lets you turn invisible.
   It lets you blink.
 s - an amulet of magic regeneration (around neck)
 z - an uncursed ring of protection from cold
 Z - a +4 ring of protection (left hand)
Wands
 j - a wand of flame (14)
 n - a wand of disintegration (10)
 Q - a wand of acid (21)
 R - a wand of iceblast (6)
 U - a wand of paralysis (8)
Scrolls
 l - 9 scrolls of remove curse
 r - a scroll of random uselessness {unknown}
 C - 4 scrolls of teleportation
 O - a scroll of amnesia {unknown}
Potions
 e - a potion of cancellation
 h - 3 potions of heal wounds
 i - 9 potions of curing
 q - 2 potions of resistance
 D - 3 potions of ambrosia
 G - a potion of might
 T - 3 potions of magic
 V - a potion of flight


   Skills:
 + Level 6.6 Fighting
 * Level 14.3 Bows
 - Level 2.4 Dodging
 + Level 10.5 Spellcasting
 + Level 11.1 Hexes
 - Level 4.0 Ice Magic
 - Level 2.0 Invocations


You had 2 spell levels left.
You knew the following spells:

 Your Spells              Type           Power        Failure   Level
a - Corona                Hex            68%          1%          1
b - Slow                  Hex            62%          1%          2
c - Portal Projectile     Hex/Tloc       80%          1%          3
d - Confusing Touch       Hex            62%          1%          3
e - Cause Fear            Hex            31%          1%          4
f - Tukima's Dance        Hex            62%          1%          3
g - Dazzling Flash        Conj/Hex       80%          1%          3
h - Metabolic Englaciati  Hex/Ice        25%          6%          5
i - Ensorcelled Hibernat  Hex/Ice        100%         1%          2
j - Inner Flame           Hex/Fire       40%          1%          3

Your spell library contained the following spells:

 Spells                   Type           Power        Failure   Level
 Beastly Appendage        Tmut           26%          4%          1
 Summon Small Mammal      Summ           52%          4%          1
 Call Imp                 Summ           13%          7%          2
 Passwall                 Tmut/Erth      10%          7%          2
 Wereblood                Tmut           13%          7%          2
 Summon Guardian Golem    Hex/Summ       40%          1%          3
 Leda's Liquefaction      Hex/Erth       20%          4%          4
 Yara's Violent Unravell  Hex/Tmut       20%          13%         5
 Call Canine Familiar     Summ           13%          14%         3
 Gell's Gravitas          Tloc           6%           14%         3
 Mephitic Cloud           Conj/Pois/Air  13%          14%         3
 Spider Form              Tmut/Pois      6%           14%         3
 Ice Form                 Ice/Tmut       23%          21%         4
 Summon Ice Beast         Ice/Summ       23%          21%         4
 Petrify                  Tmut/Erth      13%          43%         4
 Summon Lightning Spire   Summ/Air       13%          43%         4
 Blade Hands              Tmut           6%           78%         5
 Dragon Form              Tmut           6%           100%        7


Dungeon Overview and Level Annotations

Branches:
Dungeon (11/15)            Temple (1/1) D:7            Lair (1/6) D:10
    Orc (0/2) D:11        Gauntlet (1/1)

Altars:
Ashenzari
Cheibriados
Dithmenos
Elyvilon
Fedhas
Gozag
Hepliaklqana
Kikubaaqudgha
Makhleb
Nemelex Xobeh
Okawaru
Qazlal
Ru
Sif Muna
Trog
Uskayaw
Vehumet
Wu Jian
Xom
Yredelemnul
Zin
The Shining One

Shops:
D:8 [

Annotations:
D:9 3 runed translucent doors, yakattack's ghost, journeyman OpVM Gauntlet 8 transporters


Innate Abilities, Weirdness & Mutations

Your flesh is cold resistant. (rC+)
You are somewhat resistant to further mutation.


Message History

The minotaur resists with almost no effort.
The minotaur throws a silver javelin.
The silver javelin pierces through you!!
The silver sears you!
Okay, then.
You feel like a meek peon again.
Your hands slow down.
Casting: Tukima's Dance (safe; 1% risk of failure)
Confirm with . or Enter, or press ? or * to list all spells.
Aiming: Tukima's Dance (safe; 1% risk of failure)
Press: ? - help, Shift-Dir - straight line, f/p - minotaur
Aim: a minotaur, wielding a +1 war axe of flaming, wearing a +5 plate armour of ponderousness and quivering 13 silver javelins (wandering, hasn't noticed you, chance to affect: 23%)
The minotaur resists with almost no effort.
The minotaur throws a silver javelin.
The silver javelin pierces through you. The silver sears you!
The minotaur throws a silver javelin.
The silver javelin pierces through you!!
* * * LOW HITPOINT WARNING * * *
The silver sears you!
You die...

.............................§#
..............≈§≈...........§§#
###############################
8# #8##≈...............≈##8# ##
####8.8.8..©.©..8.8.8####
#§§..............≈#
#####.###.###.#####
###.###.###.### #.......@.....#
#.###.###.###.# #.###.###.###H#
#.....(...H...# #######'#######
..... ###.### ... ≈∩≈


You could see a minotaur.

Vanquished Creatures
  A hydra (D:10)
  Harold (D:7)
  Nergalle (D:10)
  Pikel (D:5)
  A wolf spider (Gauntlet)
  A moth of wrath (Gauntlet)
  A cane toad (D:10)
  Maggie (D:6)
  A rime drake (Lair:1)
  The ghost of skewfiend the Chucker, an amateur OgHu (D:4)
  Grinder (D:3)
  Prince Ribbit (D:6)
  3 redbacks (Gauntlet)
  Sigmund (D:4)
  2 humans (D:8)
  6 yaks
  Menkaure (D:5)
  Edmund (D:4)
  A water moccasin (D:10)
  Duvessa (D:6)
  2 ice beasts
  4 sky beasts
  3 black bears
  3 orc warriors
  A phantom (D:5)
  3 ogres
  3 centaurs
  A lemure (D:5)
  A wyvern zombie (D:8)
  3 bullfrogs
  Dowan (D:6)
  A wyvern skeleton (D:8)
  3 scorpions
  5 wights
  11 killer bees
  7 howler monkeys
  A crimson imp (D:7)
  A bullfrog zombie (D:8)
  A centaur zombie (D:7)
  5 orc priests
  3 hounds
  4 jellies
  2 bullfrog skeletons
  5 iguanas
  Jessica (D:2)
  Ijyb (D:5)
  9 orc wizards
  6 worker ants
  A hound skeleton (D:10)
  7 gnolls
  11 adders
  4 white imps
  An ufetubus (D:5)
  11 oozes (D:2)
  An adder zombie (D:5)
  3 worms
  4 dart slugs
  6 leopard geckos
  31 orcs
  2 ball pythons
  4 giant cockroaches
  2 goblins (D:2)
  5 hobgoblins
  14 jackals
  9 quokkas
  7 bats
  5 frilled lizards
  9 kobolds
  A quokka skeleton (D:4)
  A quokka zombie (D:8)
  6 rats
264 creatures vanquished.

Vanquished Creatures (collateral kills)
  A molten gargoyle (Gauntlet)
  A gargoyle (Gauntlet)
  An orc warrior (D:8)
  A gnoll shaman (D:10)
  An orc priest (D:8)
  An orc wizard (D:9)
  A gnoll (D:10)
  9 orcs
16 creatures vanquished.

Vanquished Creatures (others)
  3 dancing weapons
  17 fungi
  16 plants
  6 toadstools (D:2)
42 creatures vanquished.

Grand Total: 322 creatures vanquished

Notes
Turn   | Place    | Note
-------+----------+-------------------------------------------
     0 | D:1      | skewfiend the Deep Elf Arcane Marksman began the quest for
                  | the Orb.
     0 | D:1      | Reached XP level 1. HP: 11/11 MP: 5/5
   540 | D:1      | Reached skill level 3 in Bows
   822 | D:1      | Reached skill level 1 in Fighting
   939 | D:1      | Reached XP level 2. HP: 14/16 MP: 1/6
  1875 | D:2      | Learned a level 2 spell: Slow
  2005 | D:2      | Reached XP level 3. HP: 14/20 MP: 6/8
  2147 | D:2      | Reached skill level 4 in Bows
  2305 | D:2      | Noticed Jessica
  2313 | D:2      | Killed Jessica
  2314 | D:2      | Reached XP level 4. HP: 25/25 MP: 8/10
  2442 | D:2      | Found Zin's Purification Station.
  2445 | D:2      | Found a glowing silver altar of Zin.
  2448 | D:2      | Bought a potion of curing for 90 gold pieces
  2686 | D:2      | Reached skill level 5 in Hexes
  2686 | D:2      | Reached XP level 5. HP: 21/30 MP: 11/11
  2695 | D:2      | Reached skill level 5 in Bows
  3648 | D:2      | Found an iron altar of Okawaru.
  3650 | D:2      | Became a worshipper of Warmaster Okawaru
  3694 | D:3      | Noticed Grinder
  3925 | D:2      | Reached XP level 6. HP: 34/35 MP: 13/13
  3931 | D:2      | Learned a level 3 spell: Portal Projectile
  3936 | D:2      | Learned a level 4 spell: Cause Fear
  4324 | D:3      | Paralysed by Grinder for 3 turns
  4331 | D:3      | Paralysed by Grinder for 5 turns
  4343 | D:3      | Killed Grinder
  4344 | D:3      | Reached skill level 6 in Bows
  4490 | D:3      | Reached XP level 7. HP: 23/40 MP: 15/15
  4759 | D:3      | Found a sacrificial altar of Ru.
  5120 | D:3      | Reached skill level 7 in Bows
  5834 | D:4      | Noticed Sigmund
  5844 | D:4      | Killed Sigmund
  5844 | D:4      | Reached * piety under Okawaru
  5845 | D:4      | Reached skill level 5 in Spellcasting
  6127 | D:4      | Found a runed translucent door.
  6130 | D:4      | Noticed skewfiend's ghost (amateur OgHu)
  6212 | D:4      | Reached skill level 1 in Invocations
  6555 | D:4      | Reached XP level 8. HP: 40/46 MP: 18/18
  6716 | D:5      | Entered Level 5 of the Dungeon
  6716 | D:5      | Noticed Menkaure
  6724 | D:5      | Killed Menkaure
  6725 | D:5      | Reached skill level 8 in Bows
  6807 | D:5      | Learned a level 3 spell: Confusing Touch
  6877 | D:5      | Found a blossoming altar of Fedhas.
  7290 | D:5      | Noticed Edmund
  7328 | D:4      | Killed Edmund
  7328 | D:4      | Reached ** piety under Okawaru
  7329 | D:4      | Reached skill level 9 in Bows
  7781 | D:5      | Noticed Pikel
  7805 | D:5      | Killed Pikel
  7991 | D:5      | Found a white marble altar of Elyvilon.
  8132 | D:5      | Reached XP level 9. HP: 46/52 MP: 18/21
  8179 | D:5      | Noticed Ijyb
  8204 | D:5      | Killed Ijyb
  8228 | D:5      | Reached skill level 10 in Bows
  8413 | D:6      | Noticed Prince Ribbit
  8426 | D:6      | Killed Prince Ribbit
  8767 | D:6      | Noticed Maggie
  9270 | D:6      | Found a shadowy altar of Dithmenos.
  9322 | D:6      | Killed Maggie
  9617 | D:6      | Noticed Duvessa
  9617 | D:6      | Noticed Dowan
  9799 | D:6      | Killed Duvessa
  9993 | D:6      | Killed Dowan
  9993 | D:6      | Reached *** piety under Okawaru
  9994 | D:6      | Reached skill level 11 in Bows
 10489 | D:6      | Reached skill level 5 in Fighting
 10865 | D:7      | Found an iron altar of Okawaru.
 11080 | D:7      | Noticed Harold
 11232 | D:7      | Killed Harold
 11232 | D:7      | Reached **** piety under Okawaru
 11233 | D:7      | Reached XP level 10. HP: 51/59 MP: 19/24
 11372 | D:7      | Reached skill level 12 in Bows
 11413 | D:7      | Found a staircase to the Ecumenical Temple.
 11471 | D:7      | Learned a level 3 spell: Tukima's Dance
 12060 | D:7      | Learned a level 3 spell: Dazzling Flash
 12066 | D:7      | Learned a level 5 spell: Metabolic Englaciation
 12069 | D:7      | Learned a level 2 spell: Ensorcelled Hibernation
 12362 | D:7      | Found a basalt altar of Yredelemnul.
 12362 | D:7      | Found a hazy altar of Hepliaklqana.
 13068 | D:8      | Found Reum's Armour Shoppe.
 13075 | D:8      | Bought a +0 pair of boots for 45 gold pieces
 13125 | D:8      | Reached skill level 1 in Ice Magic
 13234 | D:8      | Found an iron altar of Okawaru.
 14148 | D:8      | Reached skill level 10 in Hexes
 14426 | D:8      | Received a gift from Okawaru
 15181 | D:10     | Entered Level 10 of the Dungeon
 15519 | D:9      | Found a runed translucent gate.
 15520 | D:9      | Found a runed translucent gate.
 15521 | D:9      | Found a runed translucent gate.
 15522 | D:9      | Noticed yakattack's ghost (journeyman OpVM)
 15539 | D:9      | Identified the +9 short sword of Ruination {pain, rPois rF-
                  | Int+6}
 15848 | D:9      | Reached skill level 13 in Bows
 16546 | D:4      | Killed skewfiend's ghost
 16546 | D:4      | Reached ***** piety under Okawaru
 16651 | Temple   | Entered the Ecumenical Temple
 17246 | D:10     | Noticed Nergalle
 17275 | D:10     | Killed Nergalle
 17276 | D:10     | Reached XP level 11. HP: 64/64 MP: 18/26
 17372 | D:10     | Received a gift from Okawaru
 17686 | D:10     | Found a staircase to the Lair.
 17766 | Lair:1   | Entered Level 1 of the Lair of Beasts
 17774 | Lair:1   | Noticed a seven-headed hydra
 17989 | D:10     | Gained mutation: You are somewhat resistant to further
                  | mutation. [potion of mutation]
 17989 | D:10     | Gained mutation: Your flesh is cold resistant. (rC+)
                  | [potion of mutation]
 18812 | D:10     | Killed a seven-headed hydra
 18812 | D:10     | Received a gift from Okawaru
 18813 | D:10     | Reached skill level 10 in Spellcasting
 19687 | D:11     | Received a gift from Okawaru
 19717 | D:11     | Found a gate leading to a gauntlet.
 19754 | Gauntlet | Entered a Gauntlet
 19754 | Gauntlet | Found a transporter.
 19754 | Gauntlet | Found a transporter.
 19754 | Gauntlet | Noticed a soul eater
 19755 | Gauntlet | Found a transporter.
 19757 | Gauntlet | Noticed a wolf spider
 19763 | Gauntlet | Found a transporter.
 19769 | Gauntlet | Noticed a wizard
 19772 | Gauntlet | Noticed a catoblepas
 19790 | Gauntlet | Found a transporter.
 19823 | Gauntlet | Found a transporter.
 19829 | Gauntlet | Found a transporter.
 19891 | Gauntlet | Found a transporter.
 19899 | Gauntlet | Noticed a necromancer
 19903 | Gauntlet | Found a transporter.
 19917 | Gauntlet | Found a transporter.
 19925 | Gauntlet | Noticed a tengu warrior
 19927 | Gauntlet | Found a transporter.
 19971 | Gauntlet | Found a transporter.
 20076 | Gauntlet | Learned a level 3 spell: Inner Flame
 20089 | Gauntlet | Identified the Guide on Mutagenic Poison
 20098 | Gauntlet | Reached skill level 14 in Bows
 20120 | Gauntlet | HP: 1/66 [moth of wrath (9)]
 20121 | Gauntlet | Killed a wolf spider
 20303 | Gauntlet | Got a twisted helmet
 20314 | Gauntlet | Identified the +2 helmet "Nobbyul" {SInv} (You found it in
                  | a Gauntlet)
 20354 | Gauntlet | Got a vibrating lapis lazuli ring
 20385 | Gauntlet | Received a gift from Okawaru
 20398 | Gauntlet | Noticed a minotaur
 20627 | Gauntlet | Identified the ring of Jibyan {+Blink +Inv rC- Int+6 SInv}
                  | (You found it in a Gauntlet)
 20691 | Gauntlet | HP: 1/66 [minotaur/silver javelin (24)]
 20691 | Gauntlet | Hit by a silver javelin thrown by a minotaur

Illustrated notes

Levels and vault maps discovered:
D:1:      dpeg_arrival_arbitrary_a, layout_loops_corners, serial_bayou_lagoon_b
D:2:      cheibrodos_fertilizer, layout_rooms, marbit_many_paths, zin_purify,
          minmay_misc_feat_iff, minmay_3d_cube, uniq_jessica
D:3:      layout_loops_cross, nicolae_ru_sacrificial_ziggurat, uniq_grinder
D:4:      layout_loops_ring, ebering_ghost_reflecting_pool, uniq_sigmund
D:5:      layout_loops_ring, kennysheep_little_box, fedhas_altar_1, uniq_pikel,
          uniq_menkaure, uniq_ijyb, uniq_edmund
D:6:      layout_basic, lemuel_crystal_altar, uniq_maggie, uniq_prince_ribbit1,
          uniq_duvessa
D:7:      layout_basic, gammafunk_temple_overflow_statue,
          minmay_temple_entry_waves, basic_altar, minmay_fire_ice_demons,
          uniq_harold
D:8:      layout_basic, serial_shops, shop, okawaru_humans
D:9:      layout_basic, gammafunk_ghost_nasty_kobolds
D:10:     layout_irregular_city, grunt_lair_entry_orc_guard_hut,
          minmay_misc_feat_cross, kennysheep_generic_room_2, uniq_nergalle
D:11:     layout_roguey, zombieorc2_lemuel, enter_trove_1,
          gauntlet_entry_generic, hangedman_decor_points,
          nicolae_gozag_zags_fifth_avenue, uniq_gastronok
Temple:   jpeg_temple_clearing
Lair:1:   layout_small_grid, grunt_forest_stairs_basic
Gauntlet: gammafunk_gauntlet_shortcut [gammafunk_gauntlet_arena_grid,
          gammafunk_gauntlet_arena_split_x,
          gammafunk_gauntlet_arena_split_diamond, nicolae_gauntlet_arena_blocks,
          nicolae_gauntlet_arena_quarters, nicolae_gauntlet_swirl,
          gauntlet_exit_watery]

Skill      XL: |  1  2  3  4  5  6  7  8  9 10 11 |
---------------+----------------------------------+-----
Bows           | 3 4 5 6 7 9 11 13 14 | 14.3
Fighting       | 1 2 3 4 5 6 |  6.6
Spellcasting   | 2 3 4 5 6 8 9 10 | 10.5
Hexes          | 5 6 7 9 10 11 | 11.1
Invocations    | 1 2 |  2.0
Ice Magic      | 3 4 |  4.0
Dodging        | |  2.4

Action                   |  1- 3 |  4- 6 |  7- 9 | 10-12 || total
-------------------------+-------+-------+-------+-------++-------
Melee: Whip              |    19 |       |       |       ||    19
       Unarmed           |     1 |       |       |       ||     1
       Spear             |    42 |   111 |   273 |   443 ||   869
       Mace              |    12 |       |       |       ||    12
       Dagger            |       |       |     1 |     7 ||     8
       Scimitar          |       |       |    25 |     7 ||    32
       Trident           |       |       |       |     2 ||     2
 Fire: Shortbow          |    17 |    37 |   200 |   235 ||   489
Throw: Dart              |       |    18 |    15 |    25 ||    58
       Stone             |       |     2 |       |       ||     2
       Boomerang         |       |     1 |       |       ||     1
       Javelin           |       |       |       |     2 ||     2
 Cast: Corona            |    29 |    33 |    95 |    62 ||   219
       Slow              |       |    18 |    71 |    55 ||   144
       Cause Fear        |       |       |     9 |     7 ||    16
       Confusing Touch   |       |       |    31 |    46 ||    77
       Portal Projectile |       |       |     4 |     7 ||    11
       Tukima's Dance    |       |       |       |    41 ||    41
       Ensorcelled Hiber |       |       |       |     5 ||     5
       Dazzling Flash    |       |       |       |     7 ||     7
       Metabolic Englaci |       |       |       |     8 ||     8
Invok: Heroism           |       |       |       |     2 ||     2
       Finesse           |       |       |       |     2 ||     2
Evoke: Wand              |       |       |     1 |     1 ||     2
  Use: Scroll            |     1 |     4 |     8 |    11 ||    24
       Potion            |       |     3 |       |    11 ||    14
 Stab: Sleeping          |     1 |       |     3 |     4 ||     8
       Invisible         |       |     1 |       |       ||     1
       Confused          |       |       |    19 |    22 ||    41
Armor: Robe              |    11 |    22 |    66 |   136 ||   235
Dodge: Dodged            |    52 |    72 |   156 |   269 ||   549
       Rpst.: Scimitar   |       |       |     8 |     3 ||    11
